Map: 16-Bit LE

Players

SpeCial

  • Race: Terran Terran
  • Spawn Location: 7:00

MaNa - Winner!

  • Race: Protoss Protoss
  • Spawn Location: 1:00

Event: WCS Austin 2018

VOD

Have the link to the VOD?

Description

Time

  • Played on: June 3, 2018, 5:35 p.m.
  • Length: 24:10

All games in this series

Show
View Real Time Build Order
Export as new Build Order

SpeCial Terran 

Build Orders: Reaper Expand, MMM Bio 

Get SALT Encoding   

  12  0:00  SCV  
  13  0:12  SCV  
  14  0:17  Supply Depot  
  14  0:24  SCV  
  15  0:39  SCV  
  15  0:41  Barracks  
  16  0:44  Refinery  
  16  0:51  SCV  
  17  1:03  SCV  
  18  1:15  SCV  
  19  1:28  Reaper  
  19  1:30  Orbital Command  
  20  1:43  Command Center  
  20  1:56  SCV  
  20  1:57  Supply Depot  
  20  2:00  Marine  
  22  2:08  SCV  
  23  2:13  Factory  
  23  2:18  Refinery  
  23  2:21  SCV  
  24  2:23  Barracks Reactor  
  24  2:33  SCV  
  25  2:45  SCV  
  26  2:57  SCV  
  27  2:58  Starport  
  27  3:00  Marine x2  
  27  3:04  Orbital Command  
  28  3:09  Cyclone, SCV  
  32  3:18  Marine x2  
  34  3:21  SCV  
  35  3:30  Barracks  
  35  3:31  SCV  
  35  3:33  SCV  
  37  3:37  Marine x2  
  39  3:43  SCV  
  39  3:46  Barracks, SCV  
  41  3:50  Starport Tech Lab  
  41  3:54  Supply Depot  
  41  3:55  Marine x2, SCV  
  44  4:01  Factory Tech Lab  
  45  4:02  SCV  
  45  4:07  SCV  
  46  4:15  Marine x2, SCV  
  49  4:19  SCV  
  50  4:24  Starport Reactor  
  50  4:26  Supply Depot  
  50  4:27  Refinery  
  50  4:28  SCV  
  51  4:31  SCV  
  51  4:33  Marine x2  
  51  4:36  Stimpack  
  54  4:42  Supply Depot  
  54  4:46  Combat Shields  
  54  4:48  Marine x2, SCV x2  
  54  4:51  Factory Reactor  
  58  5:00  Marine x2, SCV x2  
  58  5:02  Engineering Bay  
  58  5:04  Medivac x2  
  58  5:05  Marine  
  58  5:06  Supply Depot  
  67  5:10  Marine  
  67  5:12  SCV  
  67  5:13  SCV  
  70  5:28  Widow Mine x2, Marine x3, SCV  
  78  5:30  Missile Turret  
  78  5:32  Terran Infantry Weapons Level 1, Supply Depot  
  78  5:33  Supply Depot  
  78  5:45  Marine x3  
  78  5:53  Medivac, Marine, Widow Mine x2  
  78  5:54  Medivac  
  87  5:59  Supply Depot  
  87  6:00  Supply Depot  
  87  6:02  Command Center  
  87  6:03  Marine x2  
  89  6:05  SCV x2  
  89  6:07  Marine  
  89  6:11  Marine  
  93  6:17  SCV  
  86  6:21  Marine  
  84  6:26  SCV  
  84  6:27  Widow Mine  
  84  6:28  Widow Mine  
  82  6:32  Medivac  
  82  6:33  Refinery, Medivac  
  82  6:37  Marauder, Marine x2  
  82  6:38  Marine  
  91  6:45  SCV  
  91  6:46  SCV  
  91  6:47  Barracks  
  91  6:49  Barracks  
  91  6:54  Marine  
  91  6:55  Marine  
  91  6:57  Marauder  
  91  6:58  SCV x2  
  97  7:02  Marauder  
  97  7:03  Widow Mine  
  97  7:04  Widow Mine  
  103  7:11  Medivac  
  103  7:12  Medivac, Marine x2  
  108  7:18  Marine  
  108  7:21  SCV x2  
  108  7:22  Orbital Command  
  101  7:30  Marauder, Marine  
  101  7:34  Widow Mine x2  
  95  7:37  Marine  
  95  7:38  Marauder  
  95  7:39  Barracks Tech Lab  
  95  7:40  Barracks Reactor  
  95  7:42  SCV x2  
  97  7:48  Medivac x2, Marine, Missile Turret  
  97  7:49  Bunker, SCV  
  97  7:50  Terran Infantry Armor Level 1  
  103  7:54  SCV x2  
  103  7:55  Supply Depot  
  103  7:56  Widow Mine x2, Marine  
  110  8:01  Marauder x2  
  110  8:02  SCV  
  111  8:06  Marine, SCV x2  
  111  8:07  Ghost Academy  
  111  8:10  Supply Depot  
  114  8:14  Marine, SCV  
  114  8:18  SCV  
  114  8:19  Supply Depot  
  117  8:21  SCV  
  117  8:24  Marine  
  117  8:26  SCV  
  124  8:30  SCV  
  124  8:32  Marine x4  
  127  8:36  Marauder x2  
  127  8:40  Starport  
  125  8:44  Refinery x2  
  125  8:45  Supply Depot, Viking x2  
  127  8:50  Marine x3  
  127  8:51  Missile Turret  
  127  8:53  Marauder  
  132  8:56  SCV x3  
  132  8:58  Marauder x2  
  139  9:06  Marine, Supply Depot  
  139  9:08  Marine x3  
  139  9:09  Armory  
  143  9:12  Engineering Bay  
  143  9:18  Viking  
  143  9:19  Viking x2  
  143  9:21  Viking  
  142  9:32  SCV x3  
  142  9:34  Marine x2  
  142  9:35  Marauder  
  145  9:45  Liberator x2  
  145  9:46  Liberator x2  
  145  9:55  Marauder, Marine  
  145  9:57  Marauder, Marine  
  144  10:00  Marine x2  
  144  10:01  Marauder, Concussive Shells  
  157  10:09  Supply Depot  
  157  10:10  Supply Depot  
  160  10:26  Terran Infantry Weapons Level 2  
  157  10:30  Command Center  
  157  10:31  Terran Infantry Armor Level 2  
  157  10:35  Terran Ship Weapons Level 1  
  157  10:36  Marauder, Marine x3  
  157  10:40  Marauder  
  163  10:44  Marauder, Marine  
  163  10:51  Liberator  
  163  10:54  Marine x3  
  160  10:58  Marauder  
  160  11:01  Marauder, Marine  
  165  11:05  Marauder  
  156  11:12  Marine x2  
  156  11:13  Marine  
  156  11:14  Medivac  
  156  11:16  Liberator  
  161  11:19  Marauder, Marine  
  161  11:22  Marauder  
  160  11:27  Marauder  
  160  11:30  Marine x2  
  162  11:33  Medivac  
  162  11:38  Marine  
  168  11:41  Marauder  
  168  11:44  Marauder  
  172  11:48  Marauder, Missile Turret  
  172  11:52  Marine x3  
  175  11:55  Medivac  
  175  12:00  Planetary Fortress  
  177  12:02  Marauder  
  177  12:05  Marauder  
  177  12:07  Liberator  
  168  12:18  Ghost  
  170  12:22  Ghost  
  170  12:24  Medivac  
  170  12:26  Ghost  
  179  12:34  Refinery  
  178  12:39  Marine  
  176  12:44  Marine x2  
  176  12:45  Refinery  
  176  12:46  Command Center  
  176  12:47  Marauder  
  176  12:48  Liberator  
  176  12:49  Liberator  
  179  12:52  Marauder  
  144  13:00  Marauder, Marine  
  144  13:01  Marine  
  132  13:06  Medivac  
  132  13:07  Marine  
  132  13:08  Marine  
  132  13:09  Marauder  
  143  13:13  Marauder  
  143  13:17  Marine  
  143  13:19  Marine  
  147  13:21  Marauder  
  147  13:24  Terran Infantry Weapons Level 3  
  147  13:26  Marine  
  150  13:33  Liberator  
  152  13:34  Marauder, Missile Turret  
  152  13:37  Marine  
  152  13:38  Marauder  
  138  13:46  Liberator  
  134  13:50  Marauder, Marine  
  140  14:02  Marine x2  
  141  14:03  Marauder  
  141  14:06  Liberator x2  
  142  14:12  Marauder  
  135  14:22  Marauder, Marine x2  
  135  14:23  Marine x2  
  148  14:24  Marauder  
  141  14:33  Marauder  
  141  14:38  Liberator  
  143  14:39  Terran Infantry Armor Level 3  
  143  14:40  Marine  
  143  14:42  Marine  
  143  14:43  Marauder  
  144  14:45  Marauder  
  144  14:48  Planetary Fortress  
  140  14:57  Marine, SCV  
  140  14:58  Sensor Tower  
  140  15:03  SCV x2  
  142  15:08  Liberator  
  142  15:09  SCV  
  142  15:10  Marauder  
  142  15:13  Marauder  
  147  15:15  SCV  
  147  15:18  Marine, Ghost  
  147  15:19  Marine  
  152  15:21  Marine  
  156  15:33  Terran Ship Weapons Level 2  
  155  15:37  Liberator x2  
  154  15:52  Barracks  
  154  15:53  Marauder, Barracks, Sensor Tower  
  154  15:56  Barracks  
  159  16:09  Marine x2  
  159  16:10  Marauder  
  139  16:13  Marauder, Marine x2  
  139  16:14  Marine  
  136  16:27  Marine x2  
  136  16:31  Marauder, Marine  
  117  16:32  Marauder  
  117  16:37  Marauder, Marine  
  105  16:42  Medivac x4  
  105  16:45  Marine x2  
  115  16:49  Marine  
  115  16:52  Marauder  
  115  16:53  Marine  
  119  16:55  Marine  
  119  16:59  Marauder  
  120  17:03  Barracks Reactor, Marine x2, Barracks Tech Lab x2  
  120  17:06  Marine  
  123  17:12  Marauder, Marine  
  123  17:14  Marauder  
  128  17:19  Marine  
  128  17:20  Marine  
  108  17:31  Viking x3  
  108  17:33  Marauder, Marine  
  117  17:39  Marauder, Marine  
  117  17:42  Marauder  
  122  17:51  Marauder, Marine  
  120  17:57  Marauder, Marine x2  
  125  18:00  Marine  
  125  18:01  Marauder  
  125  18:03  Marauder, Marine x3  
  132  18:06  Liberator  
  132  18:14  Viking x2  
  132  18:17  Marauder, Marine x2  
  138  18:23  Liberator  
  141  18:31  Marauder  
  141  18:33  Marauder  
  146  18:43  Marine x2  
  146  18:44  Orbital Command, Marauder, Viking  
  150  18:56  Marine x2  
  150  18:57  Marauder  
  150  18:59  Marauder, Marine  
  157  19:06  Marauder, Marine  
  157  19:07  SCV  
  160  19:15  Marauder  
  162  19:20  Liberator  
  162  19:25  Marauder  
  162  19:27  Marauder  
  164  19:35  Marine x2  
  164  19:36  Marauder  
  164  19:37  Viking  
  164  19:38  SCV x3  
  176  19:45  Sensor Tower  
  166  19:48  Marine  
  166  19:49  Marauder  
  166  19:50  SCV  
  170  19:57  Marine x3  
  170  19:58  Marauder, Marine  
  170  19:59  Marauder  
  176  20:07  Liberator  
  167  20:21  Marauder  
  146  20:23  Marauder, Marine  
  146  20:24  Medivac, Liberator  
  133  20:35  Marine x2  
  133  20:36  Marauder, Marine  
  133  20:37  Marauder  
  133  20:41  Medivac  
  145  20:45  Marauder  
  147  20:50  SCV  
  147  20:51  SCV x2  
  150  20:58  Marine  
  150  20:59  Marauder, Marine  
  150  21:00  Marauder, Marine  
  150  21:02  Command Center, Marauder, Marine  
  150  21:03  SCV  
  161  21:05  Marauder  
  161  21:10  Liberator x2  
  157  21:18  Marauder, Marine  
  136  21:42  Liberator x2  
  136  21:44  Marauder  
  136  21:46  Marauder  
  129  21:49  Marine  
  129  21:50  Marauder  
  129  21:53  Liberator  
  136  22:02  Marauder, Marine x2  
  143  22:18  Medivac  
  143  22:19  Marauder  
  147  22:27  Ghost  
  137  22:50  Orbital Command, Ghost x2  
  140  22:52  Marine  
  141  23:01  Marine  
  141  23:02  Marauder, Marine  
  143  23:07  Marine  
  143  23:08  Marauder  
  122  23:20  Marauder, Marine  
  123  23:28  Orbital Command  
  123  23:31  Marine  
  123  23:32  Marauder  
  123  23:39  Marauder, Marine x2  
  113  23:44  Marine  
  113  23:46  Marine  
Show
View Real Time Build Order
Export as new Build Order

MaNa Protoss - Winner!

Build Orders: 1 Gate Expand, Phoenix Opening 

Get SALT Encoding   

  12  0:00  Probe  
  13  0:12  Probe  
  14  0:18  Pylon  
  14  0:24  Probe  
  15  0:32  Probe  
  15  0:37  Gateway  
  15  0:40  Probe  
  16  0:46  Assimilator  
  17  0:50  Probe  
  18  0:58  Probe  
  19  1:06  Probe  
  20  1:24  Nexus  
  20  1:35  Cybernetics Core  
  20  1:38  Probe  
  21  1:44  Assimilator  
  21  1:50  Probe  
  22  1:55  Pylon  
  22  2:02  Probe  
  22  2:04  Stalker  
  22  2:14  Probe  
  25  2:16  Warp Gate  
  25  2:26  Probe  
  25  2:28  Stargate  
  26  2:37  Stalker  
  26  2:39  Probe x2  
  30  2:47  Probe  
  31  2:51  Probe  
  31  2:57  Probe  
  32  3:04  Phoenix, Probe  
  34  3:09  Probe  
  37  3:16  Probe  
  38  3:21  Probe  
  38  3:26  Pylon  
  39  3:27  Phoenix  
  39  3:28  Probe  
  39  3:33  Probe  
  43  3:41  Probe  
  44  3:45  Probe  
  45  3:49  Nexus  
  45  3:53  Probe  
  46  3:57  Probe  
  46  4:00  Phoenix  
  49  4:05  Probe  
  49  4:09  Probe  
  51  4:13  Gateway  
  51  4:14  Gateway  
  51  4:17  Probe  
  51  4:21  Probe  
  53  4:29  Pylon  
  53  4:38  Phoenix  
  53  4:39  Pylon  
  53  4:40  Probe  
  53  4:42  Twilight Council, Forge  
  54  4:47  Pylon, Probe  
  54  4:49  Sentry  
  54  4:51  Assimilator  
  54  4:52  Probe  
  60  4:53  Assimilator  
  60  4:59  Probe  
  61  5:00  Probe  
  61  5:02  Phoenix, Charge, Protoss Ground Armor Level 1  
  61  5:04  Probe  
  65  5:11  Probe  
  65  5:13  Probe  
  67  5:16  Probe  
  68  5:27  Gateway x2  
  68  5:28  Gateway  
  68  5:32  Gateway  
  68  5:35  Phoenix  
  70  5:42  Shield Battery  
  70  5:43  Zealot, Sentry  
  70  5:49  Zealot  
  76  5:55  Probe x2  
  76  5:56  Probe, Photon Cannon  
  79  5:59  Pylon  
  79  6:00  Shield Battery  
  79  6:07  Probe  
  79  6:08  Phoenix, Probe  
  80  6:24  Probe  
  76  6:29  Probe x2  
  76  6:32  Gateway  
  75  6:34  Robotics Facility  
  75  6:35  Phoenix  
  75  6:36  Probe  
  75  6:37  Protoss Ground Armor Level 2  
  75  6:38  Photon Cannon  
  78  6:41  Probe x2  
  78  6:43  Stalker  
  82  6:47  Pylon  
  82  6:48  Probe  
  82  6:53  Probe x2  
  85  6:59  Zealot  
  85  7:00  Probe, Pylon  
  88  7:05  Probe  
  89  7:11  Photon Cannon  
  89  7:12  Zealot x2  
  92  7:21  Stalker, Zealot x3  
  94  7:30  Probe  
  94  7:32  Probe x2, Warp Prism  
  89  7:39  Probe  
  89  7:40  Probe  
  90  7:47  Robotics Bay  
  90  7:48  Robotics Facility, Probe x2  
  91  7:55  Zealot x2  
  97  8:02  Observer  
  97  8:03  Probe x2  
  99  8:07  Pylon  
  99  8:11  Assimilator, Photon Cannon  
  100  8:13  Assimilator, Pylon  
  100  8:16  Probe x3  
  100  8:19  Forge  
  103  8:22  Immortal  
  103  8:30  Probe  
  103  8:31  Probe  
  103  8:32  Colossus  
  108  8:44  Extended Thermal Lance  
  108  8:47  Protoss Ground Weapons Level 1  
  114  8:51  Photon Cannon  
  114  8:54  Protoss Ground Armor Level 3  
  114  9:05  Pylon  
  120  9:16  Probe x2, Photon Cannon  
  122  9:17  Disruptor  
  122  9:23  Disruptor  
  122  9:25  Blink  
  120  9:36  Stalker x5  
  123  9:46  Stalker x2  
  123  9:48  Zealot, Disruptor  
  125  9:54  Probe  
  125  9:55  Disruptor  
  125  9:57  Probe  
  127  10:06  Stalker x3  
  133  10:17  Nexus  
  133  10:22  Stalker x2  
  133  10:24  Observer  
  133  10:27  Pylon  
  138  10:28  Pylon  
  138  10:30  Photon Cannon  
  138  10:35  Protoss Ground Weapons Level 2  
  136  10:37  Stalker x2  
  140  10:48  Zealot x3  
  135  11:06  Pylon  
  135  11:08  Pylon  
  135  11:10  Pylon  
  126  11:27  Zealot x5  
  134  11:33  Templar Archives  
  134  11:39  Disruptor x2  
  140  11:56  Zealot, Stalker, Nexus  
  143  12:20  Stalker  
  143  12:21  Stalker x7  
  157  12:33  Disruptor  
  157  12:35  Pylon  
  158  12:37  Pylon  
  158  12:45  Disruptor  
  158  12:46  Zealot x2  
  137  13:08  Sentry x2  
  137  13:10  Stalker x4  
  137  13:11  Stalker x2  
  137  13:12  Disruptor  
  156  13:18  Probe x3  
  156  13:19  Probe  
  160  13:21  Warp Prism  
  162  13:33  Stalker  
  154  13:46  Zealot x7  
  154  13:48  Disruptor  
  152  13:52  Probe x3  
  152  13:58  Stalker  
  150  14:04  Probe  
  150  14:05  Disruptor  
  151  14:22  Stalker x2  
  151  14:23  Stalker x2, Zealot, Disruptor  
  162  14:31  Stalker x2  
  162  14:36  Zealot  
  160  14:52  Zealot x2  
  158  14:54  Probe x2  
  157  15:03  Colossus  
  163  15:09  Nexus  
  163  15:12  Zealot x3  
  169  15:16  Assimilator  
  169  15:21  Zealot  
  169  15:22  Pylon  
  169  15:28  Probe x3  
  170  15:41  Fleet Beacon  
  170  15:49  Probe x2  
  160  16:05  Stalker x3  
  160  16:06  Stalker x4  
  168  16:12  Zealot  
  157  16:36  Probe  
  150  16:41  Probe x2  
  150  16:43  Zealot x3  
  150  16:44  Zealot x4  
  150  16:46  Disruptor  
  166  16:47  Colossus  
  175  17:04  Pylon  
  175  17:07  Probe x4  
  179  17:10  Photon Cannon  
  179  17:13  Shield Battery  
  163  17:25  Disruptor  
  143  17:33  Zealot x4  
  143  17:34  Zealot x2  
  143  17:36  Probe  
  152  17:41  Zealot x2  
  152  17:43  Assimilator  
  156  17:44  Assimilator  
  150  17:56  Stalker x3, Zealot  
  150  17:57  Zealot  
  160  18:03  Stalker  
  158  18:07  Assimilator  
  158  18:09  Pylon  
  158  18:11  Zealot x2  
  162  18:18  Disruptor  
  165  18:22  Zealot x5  
  167  18:34  Stalker x2  
  167  18:37  Probe  
  168  18:41  Probe  
  168  18:42  Probe  
  168  18:45  Zealot x3  
  168  18:46  Zealot x3  
  180  18:57  Disruptor  
  183  19:03  Disruptor  
  184  19:20  Stalker x3, Pylon  
  181  19:53  Stalker x4  
  181  19:57  Nexus  
  189  20:07  Nexus  
  160  20:19  Pylon  
  141  20:25  Zealot x2  
  141  20:26  Zealot x4, Stalker x2  
  149  20:38  Disruptor  
  149  20:39  Disruptor  
  155  20:49  Nexus  
  155  20:50  Pylon  
  155  21:01  Zealot x3  
  155  21:02  Zealot x3  
  163  21:14  Disruptor x2  
  163  21:16  Zealot x2  
  156  21:35  Zealot x4  
  125  21:50  Disruptor x2  
  120  21:59  High Templar  
  120  22:00  High Templar  
  124  22:04  Archon  
  124  22:06  Stalker  
  126  22:09  Stalker  
  124  22:33  Stalker x3  
  130  22:40  Disruptor  
  132  23:00  Nexus  
  118  23:37  Stalker x3  
  118  23:38  Stalker x2  
  121  23:48  Zealot  
  121  23:49  Pylon  
Tags
 
Add a new tag
Caveats
  • Supply blocks, unpowered buildings, or Contaminate may cause inaccurate times.
  • Supply counts are checked every 10 seconds.